 Dungeon Crawl Stone Soup version 0.30-a0-613-gdd512c7efb (webtiles) character file.

Game seed: 9960331832835317460

466463 oldriver the Slayer (level 25, -7/228 HPs)
             Began as a Formicid Wanderer on Jan 8, 2023.
             Was a High Priest of Nemelex Xobeh.
             Mangled by a titan (15 damage)
             ... on level 4 of the Vaults on Jan 9, 2023.
             The game lasted 03:37:41 (72455 turns).

oldriver the Slayer (Formicid Wanderer)            Turns: 72455, Time: 03:37:42

Health: -7/228     AC: 31    Str: 28    XL:     25   Next: 81%
Magic:  12/32      EV: 12    Int: 21    God:    Nemelex Xobeh [*****.]
Gold:   1678       SH: 15    Dex: 21    Spells: 23/26 levels left

rFire   + + .      SeeInvis +    B - +6 hand crossbow (heavy)
rCold   + . .      Faith    .    U - +0 kite shield {reflect}
rNeg    + . .      Spirit   .    K - +8 gold dragon scales
rPois   +          Reflect  +    (helmet unavailable)
rElec   +          Harm     .    T - +0 cloak "Vikla" {rC+ Int+2}
rCorr   +          Rampage  .    M - +2 pair of gloves
Will    ++...                    V - +2 pair of boots Stlth
                                 t - amulet of regeneration
HPRegen 1.38/turn                n - ring "Yliopout" {rElec rCorr Str+8 Int+6}
MPRegen 0.23/turn                R - ring "Hoemuk" {Fire rElec rN+ Slay+2}

@: mighty, corroded, studying 3 skills, invisible
A: permanent stasis, dig shafts and tunnels, antennae 3, four strong arms
}: 2/15 runes: barnacled, gossamer
a: Dig, Shaft Self, Renounce Religion, Draw Escape, Draw Destruction, Draw
Summoning, Draw Stack, Triple Draw, Deal Four, Stack Five


You were on level 4 of the Vaults.
You worshipped Nemelex Xobeh.
Nemelex Xobeh was extremely pleased with you.
You visited 9 branches of the dungeon, and saw 42 of its levels.
You visited the Abyss 1 time.
You also visited: Trove, Bailey and Ice Cave.

You collected 5764 gold pieces.
You spent 4086 gold pieces at shops.

Inventory:

Hand Weapons
 b - a +7 triple crossbow of freezing
 B - a +6 heavy hand crossbow (weapon)
Missiles
 d - 15 boomerangs of dispersal
 g - 13 atropa-tipped darts
 I - 41 poisoned darts
Armour
 i - the +1 plate armour of the Desolation of Salt {Dex+3}
   (You bought it in a shop on level 2 of the Depths)

   Dex:       It affects your dexterity (+3).
 K - +8 gold dragon scales (worn)
 M - a +2 pair of gloves (worn)
 T - the +0 cloak "Vikla" (worn) {rC+ Int+2}
   (You found it on level 5 of the Lair of Beasts)

   Int:       It affects your intelligence (+2).
   rC:        It protects you from cold.
 U - a +0 kite shield of reflection (worn)
 V - a +2 pair of boots (worn)
Jewellery
 n - the ring "Yliopout" (left hand) {rElec rCorr Str+8 Int+6}
   (You acquired it on level 3 of the Elven Halls)

   [ring of intelligence]

   Str:       It affects your strength (+8).
   Int:       It affects your intelligence (+6).
   rElec:     It insulates you from electricity.
   rCorr:     It protects you from acid and corrosion.
 t - an amulet of regeneration (around neck)
 R - the ring "Hoemuk" (right hand) {Fire rElec rN+ Slay+2}
   (You found it on level 12 of the Dungeon)

   [ring of fire]

   It enhances your fire magic.
   Slay:      It affects your accuracy & damage with ranged weapons and melee
   (+2).
   rF:        It protects you from fire.
   rC:        It makes you vulnerable to cold.
   rElec:     It insulates you from electricity.
   rN:        It protects you from negative energy.
 W - a ring of the Octopus King {Wiz HP+2 AC+2 EV+2 SH+2}
   (You found it on level 1 of the Elven Halls)

   [ring of wizardry]

   It improves your spell success rate.
   AC:        It affects your AC (+2).
   EV:        It affects your evasion (+2).
   HP:        It affects your health (+2).
   SH:        It affects your SH (+2).
Wands
 e - a wand of digging (4)
 k - a wand of flame (65)
 v - a wand of iceblast (36)
 A - a wand of paralysis (25)
 F - a wand of light (7)
 H - a wand of mindburst (2)
Scrolls
 a - a scroll of immolation
 f - 31 scrolls of identify
 j - 3 scrolls of fear
 u - 4 scrolls of brand weapon
 y - 6 scrolls of fog
 C - 2 scrolls of silence
 D - 2 scrolls of butterflies
 E - 7 scrolls of magic mapping
 P - 6 scrolls of poison
Potions
 c - 2 potions of magic
 h - 4 potions of ambrosia
 l - 6 potions of flight
 m - 5 potions of mutation
 o - a potion of invisibility
 p - 6 potions of curing
 s - a potion of resistance
 w - 5 potions of might
 z - 6 potions of cancellation
 L - 3 potions of brilliance
 Y - 10 potions of lignification
 Z - 5 potions of heal wounds
Miscellaneous
 q - a tin of tremorstones (2/2)
 r - a phial of floods
 G - a lightning rod (4/4)
 J - a box of beasts
 Q - a phantom mirror (inert)
 X - a condenser vane (inert)


   Skills:
 + Level 25.3 Fighting
 - Level 23.3 Ranged Weapons
 + Level 19.1 Armour
 + Level 10.1 Dodging
 - Level 9.4 Stealth
 - Level 17.0 Shields
 - Level 1.1 Spellcasting
 - Level 1.0 Conjurations
 + Level 13.1 Invocations
 + Level 11.1 Evocations


You had 23 spell levels left.
You knew the following spells:

 Your Spells              Type           Power      Damage    Failure   Level
a - Magic Dart            Conj           20%        1d4       89%         1
b - Passwall              Tmut/Erth      0%         N/A       99%         2

Your spell library contained the following spells:

 Spells                   Type           Power      Damage    Failure   Level
 Apportation              Tloc           2%         N/A       96%         1
 Freeze                   Ice            4%         1d3       96%         1
 Sandblast                Erth           2%         2d4       96%         1
 Searing Ray              Conj           10%        2d4       96%         2
 Call Imp                 Summ           1%         N/A       99%         2
 Ensorcelled Hibernation  Hex/Ice        2%         N/A       99%         2
 Sublimation of Blood     Necr           1%         N/A       99%         2
 Wereblood                Tmut           1%         N/A       99%         2
 Dazzling Flash           Conj/Hex       6%         N/A       100%        3
 Frozen Ramparts          Ice            2%         1d1       100%        3
 Hailstorm                Conj/Ice       3%         3d3       100%        3
 Ignite Poison            Fire/Tmut/Pois 1%         N/A       100%        3
 Inner Flame              Hex/Fire       1%         N/A       100%        3
 Kindle Blastsparks       Fire/Tloc/Air  2%         2d10      100%        3
 Mephitic Cloud           Conj/Pois/Air  2%         N/A       100%        3
 Ozocubu's Armour         Ice            1%         N/A       100%        3
 Portal Projectile        Hex/Tloc       2%         N/A       100%        3
 Stone Arrow              Conj/Erth      6%         3d7       100%        3
 Tukima's Dance           Hex            1%         N/A       100%        3
 Animate Dead             Necr           1%         N/A       100%        4
 Cause Fear               Hex            0%         N/A       100%        4
 Fulminant Prism          Conj/Hex       1%         3d5       100%        4
 Ice Form                 Ice/Tmut       1%         N/A       100%        4
 Iskenderun's Mystic Bla  Conj/Tloc      3%         2d3       100%        4
 Leda's Liquefaction      Hex/Erth       0%         N/A       100%        4
 Manifold Assault         Tloc           1%         N/A       100%        4
 Petrify                  Tmut/Erth      1%         N/A       100%        4
 Summon Lightning Spire   Summ/Air       1%         N/A       100%        4
 Alistair's Intoxication  Tmut/Pois      0%         N/A       100%        5
 Blade Hands              Tmut           0%         N/A       100%        5
 Borgnjor's Vile Clutch   Necr/Erth      0%         N/A       100%        5
 Fireball                 Conj/Fire      2%         3d4       100%        5
 Freezing Cloud           Conj/Ice/Air   1%         6-21      100%        5
 Irradiate                Conj/Tmut      1%         3d12      100%        5
 Iskenderun's Battlesphe  Conj           5%         2d6       100%        5
 Lee's Rapid Deconstruct  Erth           0%         3d4*      100%        5
 Silence                  Hex/Air        0%         N/A       100%        5
 Summon Mana Viper        Hex/Summ       1%         N/A       100%        5
 Conjure Ball Lightning   Conj/Air       1%         3x3d6     100%        6
 Eringya's Noxious Bog    Tmut/Pois      0%         N/A       100%        6
 Iron Shot                Conj/Erth      1%         9d1       100%        6
 Simulacrum               Ice/Necr       0%         N/A       100%        6
 Statue Form              Tmut/Erth      0%         N/A       100%        6
 Dragon Form              Tmut           0%         N/A       100%        7
 Enfeeble                 Hex            0%         N/A       100%        7
 Haunt                    Necr/Summ      0%         N/A       100%        7
 Orb of Destruction       Conj           2%         9d5       100%        7
 Ozocubu's Refrigeration  Ice            0%         4d7       100%        7
 Storm Form               Tmut/Air       0%         N/A       100%        7
 Summon Hydra             Summ           0%         N/A       100%        7
 Borgnjor's Revivificati  Necr           0%         N/A       100%        8
 Discord                  Hex            0%         N/A       100%        8
 Disjunction              Tloc           0%         N/A       100%        8
 Infestation              Necr           0%         N/A       100%        8
 Lehudib's Crystal Spear  Conj/Erth      1%         10d2      100%        8
 Maxwell's Capacitive Co  Air            0%         ∞         100%        8
 Necromutation            Tmut/Necr      0%         N/A       100%        8
 Death's Door             Necr           0%         N/A       100%        9
 Dragon's Call            Summ           0%         N/A       100%        9
 Blink                    Tloc           Unusable   N/A       N/A         2
 Swiftness                Air            Unusable   N/A       N/A         3

Dungeon Overview and Level Annotations

Branches:
Dungeon (15/15)            Temple (1/1) D:6            Lair (5/5) D:8
 Shoals (4/4) Lair:3       Spider (4/4) Lair:2        Slime (0/5) Lair:5
    Orc (2/2) D:11            Elf (3/3) Orc:2        Vaults (5/5) D:13
  Crypt (0/3) Vaults:2     Depths (3/4) D:15         Bailey (visited)
  IceCv (visited)

Altars:
Ashenzari
Cheibriados
Dithmenos
Elyvilon
Fedhas
Gozag
Hepliaklqana
Kikubaaqudgha
Makhleb
Nemelex Xobeh
Okawaru
Qazlal
Ru
Sif Muna
Trog
Uskayaw
Vehumet
Wu Jian
Xom
Yredelemnul
Zin
The Shining One
Jiyva
Lugonu

Shops:
D:4 [   D:5 =   Orc:2 [(:*   Elf:3 (=   Shoals:2 *   Vaults:2 =(
Depths:1 :=:(*   Depths:2 *

Portals:
Hell: Depths:1 Depths:2 Depths:3
Abyss: Depths:2 Depths:3
Pandemonium: Depths:2 Depths:3
Ziggurat: Depths:1

Annotations:
D:15 1 runed translucent door, Notaij's ghost, journeyman DrEE


Innate Abilities, Weirdness & Mutations

You cannot be hasted, slowed, berserked, paralysed or teleported.
You can dig through walls and to a lower floor.
You have a pair of large antennae on your head. (SInv)
Your four strong arms can wield two-handed weapons with a shield.


Message History

The yaktaur is engulfed in poison gas.
The yaktaur is poisoned.
The yaktaur unwields a +2 battleaxe of draining.
The yaktaur wields a +2 arbalest of freezing.
It is covered in frost.
The yaktaur shoots a bolt.
The bolt hits your naga sharpshooter!!
The bolt freezes your naga sharpshooter.
Your naga sharpshooter dies!
Your naga sharpshooter's corpse disappears in a puff of smoke!
The fire giant hits you from afar with the +7 halberd of Zarhel {antimagic, Contam rPois Int+3 Dex+4}!!
* * * LOW HITPOINT WARNING * * *
You feel your power leaking away.
A bolt appears from out of your range of vision.
The bolt hits your naga sharpshooter!!!
Your naga sharpshooter dies!
Your naga sharpshooter's corpse disappears in a puff of smoke!
The titan is engulfed in poison gas.
The titan looks as sick as possible!
The titan hits you!!
* * * LOW HITPOINT WARNING * * *
The phantasmal warrior closely misses you.
You climb upwards.
Your summoned ally is left behind.
There is a stone staircase leading down, spattered with blood here.
You draw... (choose one card, ? for their descriptions) a - Pain
b - the Orb c - Vitriol You have drawn the Orb.
Press: ? - help, Shift-Dir - straight line, f - titan
Aim: a titan (moderately wounded, extremely poisoned)
The wavering orb of destruction weakly hits the war gargoyle!!
The war gargoyle is almost destroyed.
The wavering orb of destruction weakly hits the phantasmal warrior!
The phantasmal warrior is almost destroyed.
Your orb of destruction hits a metal wall. x2
The wavering orb of destruction weakly hits the titan!
The titan is heavily wounded.
The war gargoyle hits you but does no damage.
You block the phantasmal warrior's attack.
The titan hits you!
You die...
Your body glows slightly and disappears.

#...##..........##...# #..
#....#'.......)'#)...# #..
#.....##......##.....# #..
#......##....##......# #..
######'##'#######'###### ###
#......#...........#
#......#.*.........#
#......#☼W###.###..#
#.....*☼@.#.....#..#
#......#C9#.#.#.#..#
#......#.....#.....#
########..#.#.#.#..#
###########..#.....#..######
#.........'..###.###..##....
#.........#...........##....
#.....>...#...........##....
#.........##############....


You could see a titan (extremely poisoned, ally target), a war gargoyle and a
phantasmal warrior (ally target).

Vanquished Creatures
  A dread lich (Vaults:5)
  A juggernaut (Depths:3)
  Margery (Vaults:2)
  Bai Suzhen (Spider:4)
  3 golden dragons
  Nikola (Shoals:4)
  the Enchantress (Depths:2)
  A tentacled monstrosity (Depths:2)
  2 deep elf blademasters
  2 titans
  3 liches
  A quicksilver dragon (Shoals:3)
  3 krakens
  A tentacled starspawn (Abyss:3)
  A walking divine tome (Depths:3)
  Polyphemus (Shoals:2)
  2 deep elf master archers (Elf:3)
  Donald (Orc:2)
  8 sphinxes
  3 tengu reavers
  Kirke (Shoals:1)
  3 storm dragons
  Ilsuiw (Shoals:3)
  7 frost giants
  6 fire giants
  Roxanne (Elf:2)
  4 iron dragons
  6 deep elf sorcerers
  5 emperor scorpions
  Aizul (Depths:1)
  4 ghost moths
  5 deep elf elementalists (Elf:3)
  Louise (D:14)
  13 vault wardens
  A balrug (Depths:1)
  2 orc warlords
  4 spriggan defenders
  9 ironbound preservers
  12 ironbound thunderhulks
  11 very ugly things
  9 stone giants
  Nessos (D:13)
  3 war gargoyles
  2 vampire knights
  8 deep elf demonologists
  4 deep elf annihilators (Elf:3)
  9 spark wasps
  6 dire elephants
  2 eidola
  7 deep elf death magi
  8 ettins
  9 merfolk impalers
  5 merfolk javelineers
  The ghost of lotum the Zephyrmancer, a journeyman DgAE (D:12)
  9 fire dragons
  6 entropy weavers
  3 crystal guardians
  A green death (Depths:3)
  9 deep elf high priests
  3 ice dragons
  A great orb of eyes (Vaults:2)
  9 yaktaur captains
  4 rakshasas
  35 vault guards
  8 hydras
  A hell beast (Depths:1)
  A quicksilver dragon skeleton (Depths:2)
  5 peacekeepers
  5 spriggan air magi
  12 ironbound frosthearts
  A radroach (Spider:1)
  17 centaur warriors
  A juggernaut simulacrum (Depths:1)
  12 boulder beetles
  2 merfolk avatars
  2 catoblepae
  A death knight (D:15)
  29 dancing weapons
  2 ogre magi
  6 merfolk aquamancers
  12 deep troll earth magi
  2 spriggan skeletons (Depths:2)
  6 tengu warriors
  2 satyrs
  3 deep troll shamans
  A two-headed ogre (D:14)
  3 vampire magi
  8 death yaks
  An orc high priest (Orc:2)
  A thrashing horror (Abyss:3)
  Sonja (D:13)
  10 hell knights
  17 deep elf knights
  3 spriggan berserkers
  A titan skeleton (Depths:2)
  A sixfirhy (Abyss:3)
  2 sun demons
  4 iron trolls
  2 soul eaters (Depths:3)
  2 wretched stars (Abyss:3)
  A sun moth (Spider:3)
  5 pharaoh ants
  7 sea snakes
  A cherub (Spider:2)
  A quicksilver dragon simulacrum (Depths:1)
  A swamp dragon (Vaults:2)
  A swamp dragon (shapeshifter) (D:13)
  A spark wasp zombie (Depths:2)
  25 deep trolls
  A tengu zombie (Vaults:1)
  2 goliath frogs (Lair:5)
  5 orb spiders
  10 deep elf archers
  2 flayed ghosts
  8 wizards
  Pikel (D:8)
  16 ironbound convokers
  11 necromancers
  18 lindwurms
  32 deep elf pyromancers
  5 phantasmal warriors
  16 steelbarb worms
  8 orc knights
  13 ugly things
  33 harpies
  An iron dragon zombie (Depths:2)
  A frost giant zombie (Depths:2)
  20 wolf spiders
  A shadow dragon skeleton (Depths:2)
  24 deep elf zephyrmancers
  9 cyclopes
  18 manticores
  6 merfolk sirens
  2 orc sorcerers (Orc:2)
  2 moths of wrath
  13 fauns
  2 iron dragon skeletons (Depths:2)
  A fire giant zombie (Depths:1)
  A frost giant skeleton (Depths:1)
  An apocalypse crab (Spider:3)
  15 elephants
  An ice statue (IceCv)
  2 human skeletons
  5 black mambas
  22 demonic crawlers
  15 vault sentinels
  2 smoke demons (Abyss:3)
  A water nymph (shapeshifter) (Vaults:3)
  12 water nymphs
  6 torpor snails
  2 gargoyles
  7 rime drakes
  An orange demon (Abyss:3)
  18 cane toads
  18 yaktaurs
  A golden dragon simulacrum (Depths:2)
  2 efreet
  8 komodo dragons
  23 merfolk
  5 trolls
  A red devil (Depths:3)
  A freezing wraith (Vaults:5)
  2 ancient zymes (Abyss:3)
  9 tengu conjurers
  A polar bear (shapeshifter) (Spider:4)
  13 meliai
  2 hellwings
  Prince Ribbit (D:6)
  A merfolk (shapeshifter) (Vaults:5)
  A hornet (shapeshifter) (D:15)
  32 blink frogs
  13 polar bears
  10 wind drakes
  3 hornets
  A raiju (shapeshifter) (Elf:1)
  10 snapping turtles
  4 raiju (Abyss:3)
  3 tyrant leeches
  37 tarantellas
  2 frost giant simulacra
  19 slime creatures
  7 dream sheep (Shoals:4)
  20 jumping spiders
  A flying skull (Vaults:2)
  A stone giant simulacrum (Depths:2)
  16 culicivoras
  4 wraiths
  13 air elementals
  3 spriggans
  7 wyverns
  5 centaur simulacra (D:12)
  2 culicivoras (shapeshifter)
  28 water elementals
  2 ynoxinuls (Depths:3)
  5 fire elementals
  3 hogs
  2 vampires
  A golden eye (Spider:3)
  79 yaks
  5 basilisks
  2 large abominations (Abyss:3)
  A steam dragon (D:8)
  A small abomination (Abyss:3)
  A chaos spawn (Depths:3)
  22 vampire mosquitoes
  54 redbacks
  Menkaure (D:5)
  A human zombie (Depths:2)
  A naga (D:9)
  A yaktaur simulacrum (Vaults:1)
  4 wargs
  2 floating eyes (Spider:3)
  3 hell hounds (Elf:2)
  11 water moccasins
  2 ice beasts
  28 orc warriors
  4 black bears
  A meliai simulacrum (D:12)
  A boggart (Vaults:2)
  6 ogres
  10 centaurs
  3 lemures
  35 wolves
  A phantom (D:6)
  4 kobold brigands
  19 bullfrogs
  A gnoll sergeant (D:8)
  4 scorpions
  An earth elemental (Elf:3)
  4 human simulacra
  A two-headed ogre simulacrum (D:13)
  12 wights
  28 killer bees
  2 elephant simulacra (D:13)
  8 vampire bats (Bailey)
  2 howler monkeys (D:11)
  6 wolf zombies (Bailey)
  3 electric eels
  A crimson imp (Spider:3)
  2 hounds
  5 jellies
  15 orc priests
  4 iguanas
  7 hell rats (Lair:2)
  22 orc wizards
  2 troll simulacra (D:13)
  3 spriggan simulacra
  2 boggart simulacra
  Robin (D:3)
  6 gnolls (D:8)
  11 adders
  A naga simulacrum (D:13)
  14 river rats (Lair:2)
  3 white imps
  An ufetubus (Vaults:1)
  A worm (D:1)
  4 dart slugs
  66 orcs
  5 bats
  7 endoplasms
  2 giant cockroaches
  11 goblins
  6 hobgoblins
  7 jackals
  8 quokkas
  8 ball pythons
  A bat (shapeshifter) (D:15)
  22 kobolds
  21 orc zombies (Bailey)
  13 rats
  A starspawn tentacle (Abyss:3)
  6 tentacles
1918 creatures vanquished.

Vanquished Creatures (collateral kills)
  Rupert (D:13)
  A tengu reaver (Vaults:5)
  A vault warden (Vaults:5)
  An emperor scorpion (Shoals:1)
  A ghost moth (Shoals:1)
  A very ugly thing (Vaults:1)
  An ironbound preserver (Vaults:5)
  A purple draconian (Shoals:1)
  An entropy weaver (Vaults:5)
  Harold (D:9)
  A spriggan air mage (Depths:2)
  2 boulder beetles
  2 catoblepae
  A centaur warrior (D:14)
  Nergalle (Orc:2)
  A death yak (Lair:4)
  A soul eater (Depths:1)
  A phantasmal warrior (Vaults:5)
  2 wolf spiders (Spider:1)
  An orc sorcerer (Orc:2)
  2 demonic crawlers (Spider:2)
  2 cane toads (Lair:5)
  A freezing wraith (Vaults:5)
  A queen bee (Lair:1)
  2 hornets
  3 blink frogs
  A spriggan (Depths:2)
  4 culicivoras (Spider:1)
  A wyvern (D:9)
  8 yaks
  A redback (Spider:1)
  A vampire mosquito (Lair:5)
  A swamp worm (Shoals:1)
  An orc warrior (Orc:2)
  A centaur (D:9)
  A killer bee (Lair:1)
  An orc (Orc:2)
55 creatures vanquished.

Vanquished Creatures (others)
  A war gargoyle (Vaults:5)
  An ice devil (D:12)
  A vampire (D:13)
  A water elemental (Elf:2)
  A human (Shoals:1)
  A redback (Spider:1)
  A large abomination (Abyss:3)
  A killer bee (Lair:1)
  28 fungi
  176 plants
  3 starspawn tentacles (Abyss:3)
  77 tentacles
292 creatures vanquished.

Grand Total: 2265 creatures vanquished

Notes
Turn   | Place    | Note
-------+----------+-------------------------------------------
     0 | D:1      | oldriver the Formicid Wanderer began the quest for the Orb.
     0 | D:1      | oldriver set off with the following items: a +2 sling, a +0
                  | cloak, a potion of attraction, a +0 leather armour; and the
                  | following spell memorised: Magic Dart; and the following
                  | spells available to memorise: Mephitic Cloud.
     0 | D:1      | Reached XP level 1. HP: 13/13 MP: 2/2
   120 | D:1      | Reached XP level 2. HP: 20/20 MP: 3/3
   157 | D:1      | Found a faded altar of an unknown god.
   571 | D:1      | Reached skill level 1 in Fighting
   736 | D:1      | Reached XP level 3. HP: 26/26 MP: 4/4
   974 | D:2      | Reached skill level 1 in Stealth
   974 | D:2      | Reached XP level 4. HP: 26/32 MP: 5/5
  1103 | D:2      | Found a shimmering altar of Xom.
  1752 | D:3      | Reached skill level 2 in Fighting
  2018 | D:3      | Noticed Robin
  2031 | D:3      | Killed Robin
  2032 | D:3      | Reached XP level 5. HP: 31/38 MP: 6/6
  2920 | D:4      | Reached XP level 6. HP: 46/46 MP: 7/7
  3064 | D:4      | Reached skill level 3 in Fighting
  3064 | D:4      | Reached skill level 5 in Ranged Weapons
  3342 | D:4      | Found Xaclamed's Antique Armour Shoppe.
  3709 | D:5      | Entered Level 5 of the Dungeon
  3822 | D:5      | Noticed an ogre
  3827 | D:5      | Killed an ogre
  3828 | D:5      | Reached XP level 7. HP: 52/52 MP: 8/8
  3918 | D:5      | Found Puyticlu's Jewellery Shop.
  3955 | D:5      | Noticed Menkaure
  3961 | D:5      | Killed Menkaure
  4142 | D:5      | Reached skill level 4 in Fighting
  4149 | D:5      | Reached XP level 8. HP: 60/60 MP: 9/9
  4246 | D:5      | Reached skill level 5 in Stealth
  4412 | D:4      | Bought a pair of fine gloves for 209 gold pieces
  4412 | D:4      | Identified the +0 pair of gloves of Hide-and-Seek {Rampage
                  | rElec rF+ MP+9} (You bought it in a shop on level 4 of the
                  | Dungeon)
  5004 | D:6      | Noticed Prince Ribbit
  5012 | D:6      | Killed Prince Ribbit
  5013 | D:6      | Reached skill level 5 in Fighting
  5111 | D:6      | Found a staircase to the Ecumenical Temple.
  5130 | Temple   | Entered the Ecumenical Temple
  5325 | Temple   | Became a worshipper of Nemelex Xobeh the Trickster
  5491 | D:6      | Reached XP level 9. HP: 58/69 MP: 10/10
  5500 | D:6      | Reached skill level 1 in Armour
  5564 | D:6      | Reached skill level 6 in Fighting
  5637 | D:6      | Found a shadowy altar of Dithmenos.
  5910 | D:6      | Learned a level 2 spell: Passwall
  6284 | D:7      | Reached skill level 1 in Invocations
  6689 | D:7      | Reached skill level 7 in Fighting
  6689 | D:7      | Reached XP level 10. HP: 44/79 MP: 12/12
  6938 | D:7      | Reached * piety under Nemelex Xobeh
  7008 | D:8      | Noticed Pikel
  7170 | D:8      | Reached skill level 10 in Ranged Weapons
  7272 | D:8      | Found a flagged portal.
  7292 | Bailey   | Entered a bailey
  7873 | Bailey   | Identified the +4 scale mail of Jatyffex {Harm Drain rN+
                  | Dex+6}
  7903 | Bailey   | Noticed a gargoyle
  7908 | Bailey   | Killed a gargoyle
  7940 | Bailey   | Identified the +1 ring mail of Ylorgho {rPois rN+ SInv}
  8175 | D:8      | Found a hide-covered altar of Uskayaw.
  8175 | D:8      | Received a gift from Nemelex Xobeh
  8195 | D:8      | Killed Pikel
  8196 | D:8      | Reached skill level 5 in Armour
  8234 | D:8      | Found a glowing silver altar of Zin.
  8239 | D:8      | Found a bloodstained altar of Trog.
  8328 | D:8      | Found a staircase to the Lair.
  8349 | D:8      | Found an iron altar of Okawaru.
  8349 | D:8      | Found a snail-covered altar of Cheibriados.
  8375 | D:8      | Reached skill level 5 in Invocations
  8412 | D:8      | Noticed Maurice
  8413 | D:8      | Maurice changed into Maurice the ice beast
  8413 | D:8      | Noticed Maurice
  8420 | D:8      | Killed Maurice the ice beast
  8421 | D:8      | Reached skill level 8 in Fighting
  8660 | D:9      | Noticed Harold
  8748 | D:9      | Reached XP level 11. HP: 86/86 MP: 14/14
  9261 | D:9      | Killed Harold
  9262 | D:9      | Reached skill level 9 in Fighting
  9275 | D:9      | Found an opulent altar of Gozag.
  9629 | D:9      | Found a blossoming altar of Fedhas.
  9756 | D:5      | Bought a ring of resist corrosion for 240 gold pieces
  9871 | Lair:1   | Entered Level 1 of the Lair of Beasts
 10020 | Lair:1   | Reached ** piety under Nemelex Xobeh
 10026 | Lair:1   | Received a gift from Nemelex Xobeh
 10562 | Lair:1   | Reached XP level 12. HP: 30/96 MP: 15/15
 10757 | D:8      | HP: 2/96 [black mamba (9)]
 11238 | Lair:1   | Noticed a catoblepas
 11303 | Lair:2   | Reached skill level 10 in Fighting
 11794 | Lair:2   | Reached *** piety under Nemelex Xobeh
 11936 | Lair:2   | Received a gift from Nemelex Xobeh
 12746 | Lair:2   | Found a hole to the Spider Nest.
 13374 | Lair:2   | Reached skill level 5 in Dodging
 13874 | Lair:2   | Reached skill level 11 in Fighting
 13918 | Lair:2   | Reached XP level 13. HP: 46/106 MP: 16/16
 14347 | Lair:3   | Reached skill level 12 in Fighting
 14390 | Lair:3   | Received a gift from Nemelex Xobeh
 15011 | Lair:3   | Found a staircase to the Shoals.
 15430 | D:10     | Entered Level 10 of the Dungeon
 15491 | D:10     | Found a portal to a secret trove of treasure.
 15501 | D:10     | Reached **** piety under Nemelex Xobeh
 15501 | D:10     | Received a gift from Nemelex Xobeh
 15512 | Trove    | Entered a treasure trove
 15942 | D:10     | Received a gift from Nemelex Xobeh
 16048 | D:10     | Identified a scroll of acquirement
 16048 | D:10     | Acquired a +3 antimagic triple crossbow
 16414 | D:11     | Found the +6 shillelagh "Devastator" {shatter}
 16436 | D:11     | Reached skill level 15 in Ranged Weapons
 16513 | D:11     | Found a staircase to the Orcish Mines.
 16642 | D:11     | Reached skill level 13 in Fighting
 16878 | D:12     | You fall into a shaft and drop 2 floors!
 17050 | D:14     | Noticed a centaur warrior
 17053 | D:14     | Identified the -1 quarterstaff of Eternal Harmony {freeze,
                  | rC+ Dex+7}
 17059 | D:14     | Killed a centaur warrior
 17197 | D:14     | Reached XP level 14. HP: 118/118 MP: 18/18
 17293 | D:13     | Found a frozen archway.
 17294 | D:13     | Noticed Rupert
 17359 | D:13     | Killed Rupert
 17477 | IceCv    | Entered an ice cave
 17561 | IceCv    | Reached skill level 10 in Armour
 19161 | IceCv    | Reached skill level 14 in Fighting
 21261 | D:12     | Noticed lotum's ghost (journeyman DgAE)
 21895 | Lair:4   | Reached XP level 15. HP: 110/127 MP: 21/21
 21967 | Lair:4   | Received a gift from Nemelex Xobeh
 22582 | Lair:4   | Reached skill level 10 in Invocations
 22733 | Lair:4   | Received a gift from Nemelex Xobeh
 22867 | Lair:5   | Entered Level 5 of the Lair of Beasts
 23080 | Lair:5   | Reached skill level 15 in Fighting
 23095 | Lair:5   | Reached skill level 5 in Evocations
 23132 | Lair:5   | Identified the +0 cloak "Vikla" {rC+ Int+2}
 23665 | Lair:5   | Received a gift from Nemelex Xobeh
 23694 | Lair:5   | Identified the ring "Ciakohuh" {rF+ Dex+3 Stlth+}
 24037 | Lair:5   | Found a viscous altar of Jiyva.
 24040 | Lair:5   | Found a staircase to the Slime Pits.
 24694 | Orc:1    | Entered Level 1 of the Orcish Mines
 25223 | Orc:1    | Received a gift from Nemelex Xobeh
 25370 | Orc:2    | Entered Level 2 of the Orcish Mines
 25370 | Orc:2    | Found a staircase to the Elven Halls.
 25895 | Orc:2    | Noticed Donald
 25897 | Orc:2    | Killed Donald
 25898 | Orc:2    | Reached XP level 16. HP: 136/136 MP: 24/24
 25988 | Orc:2    | Reached skill level 1 in Shields
 27116 | Orc:2    | Noticed Nergalle
 27119 | Orc:2    | Identified the +1 long sword of Lahuk {spect, rCorr}
 27127 | Orc:2    | Killed Nergalle
 27128 | Orc:2    | Reached skill level 5 in Shields
 27758 | Orc:2    | Found Kagaomm's Antique Weapon Shoppe.
 27766 | Orc:2    | Found Ponarar's Antique Armour Shoppe.
 27797 | Orc:2    | Found Kiuqoutt's General Store.
 27805 | Orc:2    | Bought a potion of curing for 48 gold pieces
 27805 | Orc:2    | Bought a potion of heal wounds for 80 gold pieces
 27917 | Orc:2    | Found Hadwep's Book Shoppe.
 28003 | Orc:2    | Bought a fine cloak for 247 gold pieces
 28003 | Orc:2    | Identified the +1 cloak of Refoothrah {rF+} (You bought it
                  | in a shop on level 2 of the Orcish Mines)
 28003 | Orc:2    | Bought a polished ring mail for 234 gold pieces
 28003 | Orc:2    | Identified the +1 ring mail of Morality {Rampage Regen+
                  | Int-4} (You bought it in a shop on level 2 of the Orcish
                  | Mines)
 28208 | D:5      | Bought a ring of poison resistance for 240 gold pieces
 28401 | Spider:1 | Entered Level 1 of the Spider Nest
 29335 | Shoals:1 | Entered Level 1 of the Shoals
 29930 | Shoals:1 | Reached skill level 10 in Shields
 30082 | Shoals:1 | You fall into a shaft and drop 1 floor!
 30155 | Shoals:1 | Received a gift from Nemelex Xobeh
 30175 | Shoals:1 | Noticed a kraken
 30274 | Shoals:1 | Killed a kraken
 30709 | Shoals:3 | Received a gift from Nemelex Xobeh
 31418 | Shoals:3 | Reached XP level 17. HP: 142/142 MP: 25/25
 31538 | Shoals:2 | Noticed Polyphemus
 31576 | Shoals:2 | Killed Polyphemus
 31730 | Shoals:2 | Found Finyt's Assorted Antiques.
 32112 | Shoals:1 | Noticed Kirke
 32120 | Shoals:1 | Killed Kirke
 32197 | Shoals:1 | Found a hide-covered altar of Uskayaw.
 32202 | Shoals:1 | Noticed a kraken
 32392 | Shoals:1 | Received a gift from Nemelex Xobeh
 32775 | Shoals:1 | Killed a kraken
 32844 | Shoals:1 | a death yak changed into a storm dragon
 32844 | Shoals:1 | Noticed a storm dragon
 32845 | Shoals:1 | a storm dragon changed into a swamp worm
 33694 | Shoals:3 | Identified the ring of Okawaru's Esteem {Wiz rPois rCorr
                  | MP-9 Stlth+}
 33918 | Shoals:3 | Noticed a kraken
 33943 | Shoals:3 | an alligator snapping turtle changed into a quicksilver
                  | dragon
 33943 | Shoals:3 | Noticed a quicksilver dragon
 33946 | Shoals:3 | Killed a quicksilver dragon
 34181 | Shoals:3 | Killed a kraken
 34600 | Spider:1 | Received a gift from Nemelex Xobeh
 35087 | Spider:1 | Found a hide-covered altar of Uskayaw.
 36078 | D:5      | Bought a +5 ring of evasion for 432 gold pieces
 36299 | D:12     | Found a runed translucent gate.
 36300 | D:12     | Found a runed translucent gate.
 36301 | D:12     | Found a runed translucent gate.
 36312 | D:12     | Received a gift from Nemelex Xobeh
 36335 | D:12     | Reached ***** piety under Nemelex Xobeh
 36378 | D:12     | Found a bloodstained altar of Trog.
 36810 | D:13     | Noticed Nessos
 36818 | D:13     | Killed Nessos
 37304 | D:13     | Noticed Sonja
 37308 | D:13     | Killed Sonja
 37426 | D:13     | Found a gate to the Vaults.
 37514 | D:14     | Noticed Louise
 37518 | Abyss:3  | Cast into level 3 of the Abyss (Louise)
 37527 | Abyss:3  | Received a gift from Nemelex Xobeh
 37603 | Abyss:3  | Noticed a tentacled starspawn
 37612 | Abyss:3  | Noticed a lich
 37649 | Abyss:3  | Killed a lich
 37674 | Abyss:3  | Reached XP level 18. HP: 123/151 MP: 26/26
 37696 | Abyss:3  | Received a gift from Nemelex Xobeh
 37725 | Abyss:3  | Reached skill level 16 in Fighting
 37841 | D:14     | Escaped the Abyss
 37843 | D:14     | Killed Louise
 38299 | D:14     | Reached skill level 15 in Shields
 38645 | D:15     | Entered Level 15 of the Dungeon
 38728 | D:15     | Noticed Notaij's ghost (journeyman DrEE)
 38732 | D:15     | Found a runed translucent door.
 38802 | D:15     | Received a gift from Nemelex Xobeh
 39094 | D:15     | Got the Handbook of Stony Reformation
 39235 | D:15     | Found a staircase to the Depths.
 40481 | Spider:2 | Received a gift from Nemelex Xobeh
 40565 | Spider:2 | Reached skill level 15 in Armour
 41967 | Spider:3 | Received a gift from Nemelex Xobeh
 42117 | Spider:3 | Reached XP level 19. HP: 159/159 MP: 27/27
 42498 | Spider:3 | Reached skill level 17 in Fighting
 43740 | Spider:3 | Reached skill level 10 in Evocations
 43827 | Spider:4 | Entered Level 4 of the Spider Nest
 44291 | Spider:4 | Reached skill level 10 in Dodging
 45666 | Spider:4 | Identified the +5 great sword of Destiny {heavy, MP+9}
 45666 | Spider:4 | Noticed Bai Suzhen
 45693 | Spider:4 | Killed Bai Suzhen
 46445 | Spider:4 | Got a gossamer rune of Zot
 46772 | D:12     | Killed lotum's ghost
 46945 | D:12     | Got the ring "Hoemuk" {Fire rElec rN+ Slay+2}
 47105 | Depths:1 | Entered Level 1 of the Depths
 47445 | Shoals:4 | Entered Level 4 of the Shoals
 47445 | Shoals:4 | Found a white marble altar of Elyvilon.
 47445 | Shoals:4 | Received a gift from Nemelex Xobeh
 48180 | Shoals:4 | Reached skill level 18 in Fighting
 48454 | Shoals:4 | Reached XP level 20. HP: 141/170 MP: 28/28
 49225 | Shoals:4 | Noticed Nikola
 49255 | Shoals:4 | Killed Nikola
 49783 | Shoals:4 | Got a barnacled rune of Zot
 49789 | Shoals:4 | Got the Thoughts on Telluric Fascination
 49999 | Shoals:3 | Noticed Ilsuiw
 50008 | Shoals:3 | Killed Ilsuiw
 50443 | Depths:1 | Found a gateway to Hell.
 50449 | Depths:1 | Noticed Mara
 50471 | Depths:1 | Noticed oldriver's illusion
 50482 | Depths:1 | Noticed oldriver's illusion
 50506 | Depths:1 | Mara changed into Mara the hellephant
 50506 | Depths:1 | Noticed Mara
 50506 | Depths:1 | oldriver's illusion changed into oldriver the titan
 50506 | Depths:1 | Mara the hellephant changed into Mara the wendigo
 50506 | Depths:1 | Noticed Mara
 50506 | Depths:1 | Mara the wendigo changed into Mara the demonic crawler
 50506 | Depths:1 | Noticed Mara
 50506 | Depths:1 | Mara changed into Mara the hellephant
 50506 | Depths:1 | Noticed Mara
 50521 | Depths:1 | Killed Mara the demonic crawler
 50574 | Depths:1 | Found a one-way gateway to a ziggurat.
 51305 | Vaults:1 | Entered Level 1 of the Vaults
 51856 | Elf:1    | Entered Level 1 of the Elven Halls
 52079 | Elf:1    | Found the ring of the Octopus King
 52084 | Elf:1    | Identified a ring of the Octopus King {Wiz HP+2 AC+2 EV+2
                  | SH+2}
 52136 | Elf:1    | Identified the +3 falchion "Atyaf" {antimagic, Drain Str+5
                  | Dex+4}
 52229 | Elf:1    | Received a gift from Nemelex Xobeh
 53156 | Elf:2    | Reached skill level 19 in Fighting
 53172 | Elf:2    | Reached XP level 21. HP: 180/180 MP: 29/29
 53232 | Elf:2    | Received a gift from Nemelex Xobeh
 53387 | Elf:2    | Found a runed translucent gate.
 53389 | Elf:2    | Found a runed translucent gate.
 53390 | Elf:2    | Found a runed translucent gate.
 53465 | Elf:2    | Identified Roxanne's Almanac of the Quarry
 53465 | Elf:2    | Noticed Roxanne
 54375 | Elf:2    | Killed Roxanne
 54454 | Elf:3    | Entered Level 3 of the Elven Halls
 54705 | Elf:3    | Found Muggeo Xuoq's Jewellery Shoppe.
 54705 | Elf:3    | Found Ketos's Weapon Emporium.
 54748 | Elf:3    | Reached skill level 20 in Fighting
 54936 | Elf:3    | Received a gift from Nemelex Xobeh
 55246 | Elf:3    | Noticed a Tzitzimitl
 55521 | Elf:3    | Identified the ring of Sukh {rC+ Str+2 Int+3}
 55541 | Elf:3    | Reached skill level 21 in Fighting
 55712 | Elf:3    | Identified the +8 flail of the Brain {pain, *Corrode Will+
                  | Stlth+}
 56145 | Elf:3    | Acquired the ring "Yliopout" {rElec rCorr Str+8 Int+6}
 56383 | Elf:3    | Reached XP level 22. HP: 188/194 MP: 10/30
 56868 | Elf:3    | Got Sitonk's Parchment of Unhallowed Acts and Fascination
 56875 | Elf:3    | Got the Directory of Repulsive Spellbinding
 56885 | Elf:3    | Identified the +1 dagger of the Undead {speed, rC+ rN+
                  | Will+}
 57136 | Elf:2    | Received a gift from Nemelex Xobeh
 58053 | Depths:1 | Found Joelips's Pet Rocks.
 58922 | Vaults:1 | Reached skill level 22 in Fighting
 59234 | Vaults:1 | Identified the +1 helmet "Junutinn" {rN+ Regen+ Slay-6}
 59402 | Vaults:1 | Received a gift from Nemelex Xobeh
 60155 | Vaults:2 | Identified the ring of Leops {rF- rCorr Dex+5}
 60326 | Vaults:2 | Found a staircase to the Crypt.
 60570 | Vaults:2 | Reached XP level 23. HP: 96/204 MP: 32/32
 60752 | Vaults:2 | Found Loerem's Weapon Emporium.
 61067 | Vaults:2 | Received a gift from Nemelex Xobeh
 61100 | Vaults:2 | Noticed Margery
 61107 | Vaults:2 | Killed Margery
 61414 | Vaults:2 | Reached skill level 23 in Fighting
 61464 | Vaults:2 | Found Laicuq's Jewellery Emporium.
 62004 | Vaults:3 | Received a gift from Nemelex Xobeh
 63492 | Vaults:4 | Received a gift from Nemelex Xobeh
 63500 | Vaults:4 | Reached skill level 24 in Fighting
 63902 | Orc:2    | Bought a shiny plate armour for 676 gold pieces
 64554 | Depths:1 | Reached XP level 24. HP: 191/194 MP: 32/32
 64567 | Depths:1 | Noticed Aizul
 64571 | Depths:1 | Killed Aizul
 64983 | Depths:1 | Found Ucyceikk's Antique Weapon Shoppe.
 65136 | Depths:1 | Found Baguid Sutz's Jewellery Shoppe.
 65137 | Depths:1 | Found Feor's Book Shop.
 65137 | Depths:1 | Found Kuwnom's Book Shop.
 65686 | Depths:2 | Found a corrupted altar of Lugonu.
 65687 | Depths:2 | Found a one-way gate to the infinite horrors of the Abyss.
 65823 | Depths:2 | Received a gift from Nemelex Xobeh
 66146 | Depths:2 | Found a one-way gate leading to the halls of Pandemonium.
 66295 | Depths:2 | Identified the ring "Tyzxasasod" {Fly Slay+2}
 66481 | Depths:2 | Noticed the Enchantress
 66511 | Depths:2 | Killed the Enchantress
 66627 | Depths:2 | Identified the +11 spear of Sulphur {freeze, rC+}
 66666 | Depths:2 | Noticed a golden dragon
 66672 | Depths:2 | Killed a golden dragon
 67696 | Vaults:4 | Received a gift from Nemelex Xobeh
 68279 | Vaults:4 | Received a gift from Nemelex Xobeh
 68527 | Vaults:4 | Reached XP level 25. HP: 212/225 MP: 32/32
 69458 | Vaults:5 | Entered Level 5 of the Vaults
 69476 | Vaults:5 | Reached skill level 25 in Fighting
 69606 | Vaults:5 | Noticed a dread lich
 70199 | Depths:2 | Found Ocofaij's Assorted Antiques.
 70207 | Depths:2 | Bought 2 potions of heal wounds for 400 gold pieces
 70207 | Depths:2 | Bought a potion of might for 160 gold pieces
 70207 | Depths:2 | Bought a spiked plate armour for 1120 gold pieces
 70207 | Depths:2 | Identified the +1 plate armour of the Desolation of Salt
                  | {Dex+3} (You bought it in a shop on level 2 of the Depths)
 70637 | Depths:3 | Received a gift from Nemelex Xobeh
 71313 | Depths:3 | Received a gift from Nemelex Xobeh
 71386 | Depths:3 | Noticed a juggernaut
 71928 | Depths:3 | Killed a juggernaut
 72446 | Vaults:5 | Identified the +7 halberd of Zarhel {antimagic, Contam
                  | rPois Int+3 Dex+4}
 72449 | Vaults:5 | Killed a dread lich
 72453 | Vaults:5 | HP: 4/228 [titan (28)]
 72455 | Vaults:4 | Mangled by a titan

Illustrated notes

Levels and vault maps discovered:
D:1:      psy_arrival_statuary, layout_loops_ring,
          ebering_ecumenical_altar_sacrificial, minmay_tripent
D:2:      layout_loops_cross, serial_aquarium, aquarium_bridge_straight
          [aquarium_subvault_bridge, aquarium_subvault_balcony,
          aquarium_subvault_bridge, aquarium_subvault_wall],
          aquarium_bridge_straight [aquarium_subvault_bridge,
          aquarium_subvault_balcony, aquarium_subvault_bridge,
          aquarium_subvault_wall], aquarium_window_fake, aquarium_window_1,
          aquarium_view_2a, aquarium_view_2b, aquarium_pool_corner, basic_altar,
          st_stairs_14
D:3:      layout_loops_ring, minmay_pentomino_pile, uniq_robin
D:4:      layout_basic, serial_shops, shop
D:5:      layout_loops_ring, serial_shops, nicolae_shop_waterfront,
          uniq_menkaure
D:6:      layout_rooms, nicolae_dithmenos_through_a_glass_darkly,
          temple_fountains, uniq_prince_ribbit1
D:7:      layout_loops_cross
D:8:      layout_loops_ring, minitemple, gammafunk_temple_overflow_wave,
          lair_entry_dummy, enter_bailey_7, hangedman_decor_slide_cut,
          uniq_pikel, uniq_maurice
D:9:      layout_loops_ring, lemuel_round_altar, fedhas_altar_fruit_tree,
          minmay_misc_feat_ornament, uniq_harold
D:10:     layout_cave_pools, enter_trove_1
D:11:     layout_roguey, hiddenorc1_lemuel
D:12:     layout_roguey, gammafunk_ghost_icy, trog_butcher_becter
D:13:     layout_basic, david_vaults_5, portal_ice_cave_entry_ice_simulacra,
          uniq_nessos, uniq_rupert, uniq_sonja
D:14:     layout_stronghold, chequers_serial_rivers_micro_d,
          serial_bayou_lake_a, uniq_louise
D:15:     hangedman_depths_entry_civil_slaughter, layout_loops_ring,
          hellmonk_ghost_happy_afterlife, hangedman_decor_points,
          nicolae_splish_splash
Temple:   nicolae_temple_bog_church
Lair:1:   layout_roguey [special_room_bee], serial_rivers,
          chequers_serial_rivers_room_a, chequers_serial_rivers_small_3,
          chequers_serial_rivers_micro_a, chequers_serial_rivers_marsh,
          wad_woods_03, grunt_megastairs_4
Lair:2:   lemuel_ratsnest, layout_layer_cave, nicolae_spider_entry_tight_spaces,
          grunt_megastairs_2
Lair:3:   layout_hall_layers, minmay_shoals_entry_lonely_mermaid,
          serial_bayou_shore_a
Lair:4:   layout_regular_city, nicolae_lair_yak_garden
Lair:5:   minmay_lair_end_frog_pond, layout_hall_layers,
          dpeg_slime_entry_corner, chequers_serial_rivers_small_b
Shoals:1: layout_shoals, wheals_shoals_ruined_temple, uniq_kirke
Shoals:2: layout_shoals, serial_shops, shop, uniq_polyphemus
Shoals:3: layout_shoals, uniq_ilsuiw
Shoals:4: shoals_end_hellmonk_storm_palace [storm_palace_center_square,
          storm_palace_corner_pillars, storm_palace_corner_altar,
          storm_palace_corner_pillars, storm_palace_corner_narrow], uniq_nikola
Spider:1: layout_chambers, nicolae_spider_altar_of_dancing
Spider:2: layout_spider_delve, einodemon_crawler_minivault
Spider:3: layout_spider_delve, drop_trap, nicolae_crawler_farm
Spider:4: hellmonk_spider_rune_bug_friends, drop_trap, uniq_bai_suzhen
Orc:1:    layout_caves, dreamdust_deal_with_the_devil
Orc:2:    grunt_orc_cross, layout_diamond_mine, uniq_donald
Elf:1:    eino_elf_arrival_the_gate, layout_geoelf_grid,
          hangedman_elven_crosses_minicolossus
Elf:2:    elven_hall_of_blades_hangedman_original
          [nicolae_blade_entry_antechamber], layout_loops_cross, special_room
          [special_room_mythical_zoo], uniq_roxanne
Elf:3:    minmay_elf_hall_not_hex, layout_gridlike, st_stairs_13,
          minmay_shoptagon
Vaults:1: ontoclasm_vaults_eye, vaults_room_door_ring, serial_ice_g,
          vaults_room_large_hall, vaults_dpeg_cross, hangedman_vaults_impose,
          layout_vaults_quadrants
Vaults:2: nicolae_vaults_little_ls, grunt_vaults_hallway_short,
          minmay_crypt_entry_simple_box, nicolae_vaults_triangles,
          hangedman_vaults_slice, v_misc_10, vaults_room_stairs_pillars,
          nicolae_vaults_yaktaur_gun_rack, ontoclasm_vaults_fault,
          dpeg_vaults_monster_box, vaults_room_ringed_pool, vaults_room_corners,
          nicolae_vaults_little_squares_6, layout_vaults_big_room, serial_shops,
          shop, uniq_margery
Vaults:3: mu_enter_wizlab_1, hangedman_vaults_pinch,
          nicolae_vaults_shelves_hall, vaults_standard_mumra_lines,
          ontoclasm_vaults_ring_small, vaults_dpeg_ring,
          ontoclasm_vaults_gateway, v_misc_24, v_alt_pattern_1,
          vaults_standard_mumra_x, nicolae_vaults_branching_niches,
          layout_vaults_maze_snakey
Vaults:4: v_alt_pattern_6, ontoclasm_vaults_twist, v_misc_30,
          nicolae_vaults_network_star, ontoclasm_vaults_bender, v_alt_pattern_2,
          v_misc_16, v_misc_2, nicolae_vaults_inception_corners,
          layout_vaults_omnibox
Vaults:5: serial_shops
Depths:1: layout_roguey, enter_ziggurat_e, serial_shops, shop, nicolae_wwwww,
          grunt_mini_vestibule, grunt_ministairs_10, glass_columns_a,
          guppyfry_shop_earth, minmay_shop_grove, uniq_mara, uniq_aizul
Depths:2: minmay_the_grid_4x2 [minmay_the_grid_paths, minmay_the_grid_slots,
          minmay_the_grid_outer_circle, minmay_the_grid_minigrid_large,
          minmay_the_grid_aliased_spiral, minmay_the_grid_spin_star,
          minmay_the_grid_gridbox, minmay_the_grid_prize_shrinking_boxes],
          layout_gridlike, rand_demon_pan_entry_7, serial_shops, shop,
          abyss_entry_flame_altar, hell_entry, uniq_enchantress
Depths:3: minmay_fractal_lines_corner, layout_cave_pools, abandoned_shop,
          grunt_pan_entry_in_and_out, hell_entry, abyss_entry_crystal

Skill      XL: |  1  2  3  4  5  6  7  8  9 10 11 12 13 14 15 16 17 18 19 20 21 22 23 24 25 |
---------------+----------------------------------------------------------------------------+-----
Dodging        | 2 3 5 7 8 9 10 | 10.1
Fighting       | 1 2 3 4 5 7 8 9 11 13 14 15 16 18 19 21 22 24 25 | 25.3
Stealth        | 1 2 3 4 5 6 7 9 |  9.4
Ranged Weapons | 4 5 6 8 9 11 12 13 15 16 17 18 19 20 22 23 | 23.3
Armour         | 3 5 7 9 11 12 14 15 16 17 18 19 | 19.1
Invocations    | 2 5 6 9 11 13 | 13.1
Evocations     | 4 6 7 9 10 11 | 11.1
Shields        | 12 14 15 16 17 | 17.0
Spellcasting   | |  1.1
Conjurations   | |  1.0

Action                   |  1- 3 |  4- 6 |  7- 9 | 10-12 | 13-15 | 16-18 | 19-21 | 22-24 | 25-27 || total
-------------------------+-------+-------+-------+-------+-------+-------+-------+-------+-------++-------
Melee: Sling             |       |       |     1 |       |       |    10 |     1 |       |       ||    12
 Fire: Sling             |    66 |   145 |   236 |   969 |  1732 |  1977 |  2128 |       |       ||  7253
       Triple crossbow   |       |       |       |       |       |     4 |    63 |  1017 |   148 ||  1232
       Longbow           |       |       |       |       |       |       |    68 |       |       ||    68
       Hand crossbow     |       |       |       |       |       |       |       |       |    36 ||    36
 Cast: Magic Dart        |     1 |     1 |       |       |       |       |       |       |       ||     2
Invok: Draw Destruction  |       |       |       |    24 |    18 |    17 |    11 |     4 |       ||    74
       Draw Summoning    |       |       |       |     3 |    10 |     2 |     4 |     6 |     3 ||    28
       Draw Escape       |       |       |       |     2 |     3 |     1 |     3 |     3 |       ||    12
       Deal Four         |       |       |       |       |     1 |     9 |     5 |     5 |     5 ||    25
       Stack Five        |       |       |       |       |       |     1 |     1 |     1 |       ||     3
       Draw Stack        |       |       |       |       |       |       |     8 |     1 |       ||     9
       Triple Draw       |       |       |       |       |       |       |       |       |     1 ||     1
 Abil: Dig               |       |       |       |       |     4 |       |       |       |       ||     4
Evoke: Wand              |       |     1 |     5 |    17 |    10 |    19 |    10 |     1 |       ||    63
       Phantom mirror    |       |       |       |       |     1 |     2 |     3 |       |     2 ||     8
       Piece from Xom's  |       |       |       |       |       |     1 |       |       |       ||     1
       Condenser vane    |       |       |       |       |       |       |     3 |     4 |     2 ||     9
       Tin of tremorston |       |       |       |       |       |       |       |     2 |     3 ||     5
  Use: Scroll            |       |    11 |     6 |     5 |    16 |     1 |     2 |    12 |     2 ||    55
       Potion            |       |       |     2 |     8 |     4 |     2 |     8 |     4 |     4 ||    32
Armor: Leather armour    |     6 |    18 |    20 |       |       |       |       |       |       ||    44
       Ring mail         |       |       |     3 |   214 |   254 |    55 |       |       |       ||   526
       Scale mail        |       |       |       |       |       |   284 |   477 |    69 |       ||   830
       Plate armour      |       |       |       |       |       |       |       |   136 |       ||   136
       Gold dragon scale |       |       |       |       |       |       |       |    42 |   147 ||   189
Dodge: Dodged            |    16 |    28 |    70 |   423 |   467 |   749 |  1250 |   328 |    69 ||  3400
Block: Kite shield       |       |       |       |       |       |   858 |  1451 |   488 |   139 ||  2936
       Reflection        |       |       |       |       |       |    61 |    53 |    42 |     8 ||   164

Table legend: (Time is in decaauts)
 A = Elapsed time spent in this place.
 B = Non-inter-level travel time spent in this place.
 C = Inter-level travel time spent in this place.
 D = Time resting spent in this place.
 E = Time spent auto-exploring this place.
 F = Levels seen in this place.
 G = Mean time per level.
                   A        B        C        D        E       F      G
               +--------+--------+--------+--------+--------+-----+--------+
         Total |  72938 |  63361 |   9577 |  16989 |  26056 |  46 | 1585.6 |
       Dungeon |  18472 |  14079 |   4393 |   1521 |   8922 |  15 | 1231.5 |
        Temple |    222 |    196 |     26 |      0 |    180 |   1 |  222.0 |
          Lair |   9152 |   7808 |   1344 |   1608 |   3784 |   5 | 1830.4 |
        Shoals |   7966 |   7170 |    796 |   2431 |   1951 |   4 | 1991.5 |
   Spider Nest |   8723 |   8417 |    306 |   2890 |   2737 |   4 | 2180.8 |
  Orcish Mines |   3486 |   3244 |    242 |   1586 |    852 |   2 | 1743.0 |
   Elven Halls |   5858 |   5610 |    248 |   1685 |   1911 |   3 | 1952.7 |
        Vaults |   9078 |   7166 |   1912 |   1890 |   2960 |   5 | 1815.6 |
        Depths |   5246 |   4940 |    306 |    918 |   2169 |   3 | 1748.7 |
         Abyss |    310 |    310 |      0 |     57 |      0 |   1 |  310.0 |
         Trove |     59 |     59 |      0 |      0 |     21 |   1 |   59.0 |
        Bailey |    736 |    736 |      0 |    142 |     64 |   1 |  736.0 |
      Ice Cave |   3623 |   3623 |      0 |   2257 |    502 |   1 | 3623.0 |
               +--------+--------+--------+--------+--------+-----+--------+

Top non-repeatable levels by time:
   IceCv: 3623 daAuts
  Lair:2: 3087 daAuts
   Orc:2: 2748 daAuts
Spider:3: 2687 daAuts
Vaults:1: 2577 daAuts
   Elf:3: 2574 daAuts
Shoals:4: 2512 daAuts
Shoals:1: 2354 daAuts
Spider:1: 2312 daAuts
Vaults:4: 2294 daAuts
  Lair:3: 2110 daAuts
   Elf:2: 2109 daAuts
Vaults:2: 2109 daAuts
Vaults:3: 2043 daAuts
    D:13: 1969 daAuts
